 Dungeon Crawl Stone Soup version 0.23.2-1-ga50397a (webtiles) character file.

Game seed: 8800765213062748006

168 MalarOregon the Stinger (level 5, -1/38 HPs)
             Began as a Merfolk Venom Mage on May 18, 2019.
             Slain by Pikel
             ... wielding a +0 whip of freezing
              (2 damage)
             ... on level 3 of the Dungeon.
             The game lasted 00:11:41 (3400 turns).

MalarOregon the Stinger (Merfolk Venom Mage)        Turns: 3400, Time: 00:11:42

Health: -1/38      AC:  5    Str:  8 (9)  XL:     5   Next: 48%
Magic:  0/9        EV: 13    Int: 14 (15) God:
Gold:   111        SH:  0    Dex: 12 (14) Spells: 1/9 levels left

rFire    . . .     SeeInvis .   k - +0 spear
rCold    . . .     Gourm    .   (no shield)
rNeg     . . .     Faith    .   a - +0 robe
rPois    .         Spirit   .   h - +1 helmet
rElec    .         Reflect  .   c - +0 cloak
rCorr    .         Harm     .   (no gloves)
MR       .....                  (no boots)
Stlth    ++........             (no amulet)
HPRegen  0.12/turn              (no ring)
MPRegen  0.11/turn              (no ring)

@: no status effects
A: change form in water, swift swim, stealthy swim
a: no special abilities


You were on level 3 of the Dungeon.
You were hungry.

You visited 1 branch of the dungeon, and saw 4 of its levels.

You collected 111 gold pieces.

Inventory:

Hand Weapons
 k - a +0 spear (weapon)
   (You found it on level 3 of the Dungeon)
Missiles
 d - a throwing net (quivered) {!f}
Armour
 a - a +0 robe (worn)
 c - a +0 cloak (worn)
   (You found it on level 4 of the Dungeon)
 h - a +1 helmet (worn)
   (You found it on level 1 of the Dungeon)
Jewellery
 n - a +4 ring of strength {unknown}
   (You found it on level 2 of the Dungeon)
Scrolls
 g - 4 scrolls of remove curse {@r2}
 q - 2 scrolls of teleportation {@r4}
Potions
 f - a potion of agility
 l - 2 potions of degeneration {!q}
 m - a potion of lignification {!q}
 o - a potion of heal wounds {@q2}
 r - a potion of might {unknown}
Comestibles
 e - 6 rations {!d}


   Skills:
 + Level 1.9 Fighting
 + Level 3.6 Dodging
 + Level 3.3 Stealth
 + Level 2.6 Spellcasting
 + Level 1.7 Conjurations
 + Level 0.2 Air Magic
 + Level 4.0 Poison Magic


You had one spell level left.
You knew the following spells:

 Your Spells              Type           Power        Failure   Level  Hunger
a - Sting                 Conj/Pois      ##..         7%          1    #......
f - Mephitic Cloud        Conj/Pois/Air  #.......     28%         3    ###....
y - Olgreb's Toxic Radia  Pois           ##......     38%         4    #####..

Your spell library contained the following spells:

 Spells                   Type           Power        Failure   Level  Hunger
 Poisonous Vapours        Pois/Air       #.....       14%         2    ###....
 Venom Bolt               Conj/Pois      ##........   88%         5    ######.


Dungeon Overview and Level Annotations

Branches:
Dungeon (4/15)
 Temple: D:4-7

Altars:
Cheibriados
Sif Muna
The Shining One

Annotations:
D:3 Pikel
D:4 Natasha


Message History

Unknown command.
Unknown command.
Aim: Pikel, wielding a +0 whip of freezing, wearing a cursed +0 robe and carrying a wand of flame (6) (lightly wounded)
The sting misses Pikel.
Pikel zaps a wand.
The puff of flame misses you.
Okay, then.
You barely miss Pikel.
Pikel says, "You'll feel the lick of my whip!"
Pikel zaps a wand.
The puff of flame hits you.
Aim: Pikel, wielding a +0 whip of freezing, wearing a cursed +0 robe and carrying a wand of flame (4) (lightly wounded)
The sting misses Pikel.
Pikel barely misses you.
Aim: Pikel, wielding a +0 whip of freezing, wearing a cursed +0 robe and carrying a wand of flame (4) (lightly wounded)
The sting hits Pikel.
Pikel is poisoned.
Pikel barely misses you.
Aim: Pikel, wielding a +0 whip of freezing, wearing a cursed +0 robe and carrying a wand of flame (4) (lightly wounded, poisoned)
The sting hits Pikel.
Pikel misses you.
Aim: Pikel, wielding a +0 whip of freezing, wearing a cursed +0 robe and carrying a wand of flame (4) (moderately wounded, poisoned)
The sting hits Pikel but does no damage.
You are feeling hungry.
Pikel hits you with a +0 whip of freezing.
Pikel freezes you.
Aim: Pikel, wielding a +0 whip of freezing, wearing a cursed +0 robe and carrying a wand of flame (4) (moderately wounded, poisoned)
The sting hits Pikel.
Pikel misses you.
Aim: Pikel, wielding a +0 whip of freezing, wearing a cursed +0 robe and carrying a wand of flame (4) (moderately wounded, poisoned)
The sting hits Pikel but does no damage.
Pikel looks even sicker.
Pikel zaps a wand.
The puff of flame hits you.
* * * LOW HITPOINT WARNING * * *
You hit Pikel but do no damage.
Pikel zaps a wand.
The puff of flame misses you.
You barely miss Pikel.
Pikel hits you with a +0 whip of freezing.
* * * LOW HITPOINT WARNING * * *
Pikel freezes you.
* * * LOW HITPOINT WARNING * * *
You hit Pikel. Pikel misses you.
You hit Pikel but do no damage.
Pikel hits you with a +0 whip of freezing.
* * * LOW HITPOINT WARNING * * *
Pikel freezes you.
* * * LOW HITPOINT WARNING * * *
You barely miss Pikel. Pikel misses you.
You hit Pikel.
Pikel hits you with a +0 whip of freezing!
* * * LOW HITPOINT WARNING * * *
Pikel freezes you.
You die...

#.....#####.####
#.....# #...#
###.### ###.# #.#
#######.# #.#
#.).....#
######.###.#######
######
(..........#
######### #..(..
.##.#....###
#K......# #.####
.##...#..#
#@#####.# #.####
###..###.#
#.#####.# #)##..
#...#..# #.......#
#(##.# #.#....#
#.##.#..#####.##)#
#......#
#.##.#............
####.###
#.......##########
# #.).# #.#.###.#
# # #...#
#.......# # #
#...#
###.########### #


You could see Pikel.

Vanquished Creatures
  A slave (D:3)
  A hound (D:4)
  4 adders
  An ooze (D:3)
  A worm (D:3)
  5 dart slugs
  3 leopard geckos
  3 orcs (D:3)
  2 ball pythons
  4 giant cockroaches
  8 goblins
  8 hobgoblins
  9 jackals
  6 kobolds
  2 quokkas
  5 bats
  5 frilled lizards
  8 rats
76 creatures vanquished.

Vanquished Creatures (others)
  23 toadstools (D:4)
23 creatures vanquished.

Grand Total: 99 creatures vanquished

Notes
Turn   | Place    | Note
-------+----------+-------------------------------------------
     0 | D:1      | MalarOregon the Merfolk Venom Mage began the quest for the
                  | Orb.
     0 | D:1      | Reached XP level 1. HP: 13/13 MP: 3/3
   230 | D:1      | Reached XP level 2. HP: 20/20 MP: 0/5
   319 | D:1      | Reached skill level 1 in Conjurations
   820 | D:1      | Reached XP level 3. HP: 25/25 MP: 2/6
  1193 | D:2      | Reached skill level 1 in Fighting
  1257 | D:2      | Found a faded altar of an unknown god.
  1342 | D:2      | Reached XP level 4. HP: 32/32 MP: 0/7
  1440 | D:2      | Noticed a phantom
  2302 | D:3      | Found a snail-covered altar of Cheibriados.
  2302 | D:3      | Found a deep blue altar of Sif Muna.
  2303 | D:3      | Found a glowing golden altar of the Shining One.
  2689 | D:3      | Reached XP level 5. HP: 38/38 MP: 5/8
  2854 | D:4      | Learned a level 3 spell: Mephitic Cloud
  2859 | D:4      | Learned a level 4 spell: Olgreb's Toxic Radiance
  2920 | D:4      | Noticed Natasha
  2959 | D:4      | Reached skill level 4 in Poison Magic
  3005 | D:4      | Noticed a slave
  3096 | D:3      | Killed a slave
  3374 | D:4      | Noticed Pikel
  3385 | D:4      | Noticed a slave
  3400 | D:3      | HP: 1/38 [Pikel/+0 whip of freezing (10)]
  3400 | D:3      | Slain by Pikel

Skill      XL: |  1  2  3  4  5 |
---------------+----------------+-----
Conjurations   | 1 |  1.7
Dodging        | 3 |  3.6
Fighting       | 1 |  1.9
Stealth        | 3 |  3.3
Poison Magic   | 4 |  4.0
Spellcasting   | |  2.6
Air Magic      | |  0.2

Action                   |  1- 3 |  4- 6 || total
-------------------------+-------+-------++-------
Melee: Unarmed           |    11 |       ||    11
       Dagger            |    25 |    35 ||    60
       Spear             |       |    78 ||    78
 Cast: Sting             |    61 |    94 ||   155
  Use: Scroll            |     2 |     6 ||     8
       Potion            |       |     3 ||     3
 Stab: Sleeping          |     1 |     2 ||     3
  Eat: Chunk             |     2 |     8 ||    10
Armor: Robe              |    10 |    28 ||    38
Dodge: Dodged            |    32 |   100 ||   132
